 Dungeon Crawl Stone Soup version 0.31.0-11-ge490571c62 (webtiles) character file.

Game seed: 8141002910594097715

185 mopl the Slasher (level 5, -2/42 HPs)
             Began as a Merfolk Fighter on Jan 31, 2024.
             Incinerated by a bombardier beetle (4 damage)
             ... with a burning spray
             ... on level 4 of the Dungeon.
             The game lasted 00:02:39 (2696 turns).

mopl the Slasher (Merfolk Fighter)                  Turns: 2696, Time: 00:02:40

Health: -2/42      AC: 10    Str: 18    XL:     5   Next: 64%
Magic:  0/5        EV: 10    Int:  8    God:
Gold:   162        SH:  4    Dex: 13    Spells: 4/4 levels left

rFire   . . .        a - +0 long sword
rCold   . . .        c - +0 buckler
rNeg    . . .        b - +0 scale mail
rPois   .            (no helmet)
rElec   .            (no cloak)
rCorr   .            (no gloves)
SInv    .            (no boots)
Will    .....        s - amulet of guardian spirit Stlth
                     j - +4 ring of protection
HPRegen 0.27/turn    (no ring)
MPRegen 0.09/turn

%: guardian spirit
@: on fire, glowing
A: (nimble swimmer 2), mertail
a: no special abilities


You were on level 4 of the Dungeon.
You visited 1 branch of the dungeon, and saw 4 of its levels.

You collected 162 gold pieces.

Inventory:

Hand Weapons
 a - a +0 long sword (weapon)
Missiles
 e - 4 poisoned darts (quivered)
Armour
 b - a +0 scale mail (worn)
 c - a +0 buckler (worn)
Jewellery
 j - a +4 ring of protection (left hand)
 s - an amulet of guardian spirit (around neck)
Scrolls
 h - 5 scrolls of identify {unknown}
 i - 2 scrolls of noise {unknown}
 k - a scroll of enchant weapon {unknown}
 l - a scroll of poison {unknown}
 m - a scroll of blinking {unknown}
 n - a scroll of amnesia {unknown}
 o - a scroll of acquirement {unknown}
 p - a scroll of enchant armour {unknown}
 q - a scroll of revelation {unknown}
Potions
 d - a potion of might
 f - 4 potions of curing {unknown}
 g - 3 potions of heal wounds {unknown}
 r - 2 potions of cancellation {unknown}
 t - a potion of magic {unknown}


   Skills:
 + Level 4.2 Fighting
 * Level 4.6 Long Blades
 + Level 2.8 Armour
 + Level 2.7 Dodging
 - Level 3.0 Shields


You had 4 spell levels left.
You didn't know any spells.
Your spell library contained the following spells:

 Spells                   Type           Power      Damage    Failure   Level
 Freeze                   Ice            0%         1d3       87%         1
 Frozen Ramparts          Ice            0%         1d1       99%         3
 Hailstorm                Conj/Ice       0%         3d5       99%         3
 Tukima's Dance           Hex            0%         N/A       99%         3
 Dimensional Bullseye     Hex/Tloc       0%         N/A       100%        4
 Iskenderun's Mystic Bla  Conj/Tloc      0%         2d3       100%        4


Dungeon Overview and Level Annotations

Branches:
Dungeon (4/15)
 Temple: D:4-7

Altars:
Ashenzari
Sif Muna

Shops:
D:3 =


Innate Abilities, Weirdness & Mutations

((You are very nimble when in or above water. (Stealth+, EV+, Speed+++)))
Your lower body shifts to a powerful aquatic tail in water.


Message History

You slash the bombardier beetle!
The bombardier beetle is almost dead.
The liquid fire burns you!
The bombardier beetle sprays incendiary fluid at you.
The burning spray hits you.
You are even more covered in liquid fire!
You barely miss the bombardier beetle.
The bombardier beetle is almost dead.
The liquid fire burns you!
You hit the bombardier beetle but do no damage.
The bombardier beetle is almost dead.
The liquid fire burns you!
The bombardier beetle sprays incendiary fluid at you.
The burning spray hits you.
You are even more covered in liquid fire!
You hit the bombardier beetle but do no damage.
The bombardier beetle is almost dead.
The liquid fire burns you! The bombardier beetle bites you.
You hit the bombardier beetle.
You kill the bombardier beetle!
The liquid fire burns you!
You shake off some of the fire as you move.
The liquid fire burns you!
You see here a bombardier beetle corpse.
You shake off some of the fire as you move.
The liquid fire burns you!
* * * LOW HITPOINT WARNING * * *
You shake off some of the fire as you move.
The liquid fire burns you!
* * * LOW HITPOINT WARNING * * *
You shake off some of the fire as you move.
The liquid fire burns you!
* * * LOW HITPOINT WARNING * * *
You shake off some of the fire as you move.
The liquid fire burns you!
* * * LOW HITPOINT WARNING * * *
You shake off some of the fire as you move.
The liquid fire burns you!
You die...

##..........†....#⌠.# .
#.##.......##....#.....
..
#.##..#+#####.#####.....
...####.###.#.. ..#
..... ......#.....#.#
##.# ..._. #..######.#
#.# .... ##..#####.#
#.####
##.......#####....#
#....†....@..#
............###.......
...........[# .......
<............# .......
............## .......
######...##.. .......
#...####. ....... #####
.# .......


There were no monsters in sight!

Vanquished Creatures
  A bombardier beetle (D:4)
  An iguana (D:4)
  4 adders
  A ribbon worm (D:3)
  11 orcs (D:3)
  5 ball pythons
  4 endoplasms
  5 giant cockroaches
  10 goblins
  7 hobgoblins
  2 jackals (D:3)
  5 kobolds
  2 quokkas
  7 bats
  A frilled lizard (D:2)
  5 rats
71 creatures vanquished.

Notes
Turn   | Place    | Note
-------+----------+-------------------------------------------
     0 | D:1      | mopl the Merfolk Fighter began the quest for the Orb.
     0 | D:1      | Reached XP level 1. HP: 18/18 MP: 1/1
   286 | D:1      | Reached XP level 2. HP: 4/24 MP: 2/2
   555 | D:1      | Reached skill level 1 in Dodging
   571 | D:1      | Found a faded altar of an unknown god.
  1036 | D:2      | Reached XP level 3. HP: 29/29 MP: 3/3
  1577 | D:3      | Found a shimmering blue altar of Sif Muna.
  1628 | D:3      | Reached XP level 4. HP: 35/37 MP: 4/4
  2292 | D:3      | Reached XP level 5. HP: 42/42 MP: 5/5
  2296 | D:3      | Found Ocuel's Jewellery Shoppe.
  2591 | D:4      | Found a broken altar of Ashenzari.
  2695 | D:4      | HP: 1/42 [burnt (4)]
  2696 | D:4      | Incinerated by a bombardier beetle

Illustrated notes

Levels and vault maps discovered:
D:1:      dpeg_arrival_boxorama, layout_basic, ebering_ecumenical_altar_webs
D:2:      layout_rooms
D:3:      cheibrodos_greedy_goblins, layout_basic, lemuel_blue_sif_altar,
          serial_bayou, serial_bayou_pond_d, serial_bayou_pond_e,
          serial_bayou_ford_a, serial_bayou_lake_a, serial_bayou_pond_d,
          serial_shops, shop
D:4:      layout_basic, evilmike_ruin_ashenzari, gammafunk_ghost_cemetery,
          serial_library_hellmonk_octagon

Skill      XL: |  1  2  3  4 |
---------------+-------------+-----
Dodging        | 1 2 |  2.7
Long Blades    | 3 4 |  4.6
Fighting       | 4 |  4.2
Armour         | |  2.8
Shields        | |  3.0

Action                     |  1- 3 |  4- 6 || total
---------------------------+-------+-------++-------
  Melee: Long sword        |   100 |   132 ||   232
 Armour: Scale mail        |   101 |   110 ||   211
  Dodge: Dodged            |    50 |    70 ||   120
  Block: Buckler           |    20 |    35 ||    55
